 Dungeon Crawl Stone Soup version 0.31-a0-232-gb1c03b2570 (webtiles) character file.

Game seed: 18222456946074561151

987 qw the Skirmisher (level 8, 0/49 HPs)
             Began as a Gargoyle Hexslinger on July 7, 2023.
             Slain by a gnoll
             ... wielding a +0 spear
             ... led by a gnoll bouda
              (3 damage)
             ... on level 5 of the Dungeon.
             The game lasted 00:01:53 (3616 turns).

qw the Skirmisher (Gargoyle Hexslinger)             Turns: 3616, Time: 00:01:54

Health: 0/49       AC: 10    Str: 12    XL:     8   Next: 18%
Magic:  9/9        EV: 13    Int: 14    God:
Gold:   137        SH:  0    Dex: 20    Spells: 8/9 levels left

rFire   . . .        Y - +3 sling
rCold   . . .        (no shield)
rNeg    + . .        j - +0 steam dragon scales of Somewhere Else {SInv Stlth+}
rPois   inf          (no helmet)
rElec   +            (no cloak)
rCorr   .            (no gloves)
SInv    +            (no boots)
Will    .....        b - amulet of the acrobat
Stlth   +++          g - +6 ring of dexterity
HPRegen 0.28/turn    (no ring)
MPRegen 0.11/turn

%: acrobat
@: weakened
A: sickness immunity, AC +5, negative energy resistance 1, electricity
resistance, torment resistance 1, petrification resistance
a: no special abilities


You were on level 5 of the Dungeon.
You visited 1 branch of the dungeon, and saw 5 of its levels.

You collected 137 gold pieces.


Innate Abilities, Weirdness & Mutations

You are immune to sickness and miasma.
Your stone body is resilient. (AC +5)
You are immune to poison.
You resist negative energy. (rN+)
You are resistant to electric shocks. (rElec)
You are resistant to unholy torment.
You are immune to petrification.


   Skills:
 - Level 5.0 Fighting
 + Level 8.0 Ranged Weapons
 - Level 1.0 Armour
 - Level 2.1 Dodging
 - Level 1.0 Spellcasting
 - Level 2.6 Hexes


You had 8 spell levels left.
You knew the following spells:

 Your Spells              Type           Power      Damage    Failure   Level
a - Slow                  Hex            32%        N/A       9%          1

Your spell library contained the following spells:

 Spells                   Type           Power      Damage    Failure   Level
 Inner Flame              Hex/Fire       4%         N/A       41%         3
 Portal Projectile        Hex/Tloc       8%         N/A       41%         3
 Cause Fear               Hex            4%         N/A       65%         4

Inventory:

Hand Weapons
 Y - a +3 sling (weapon)
Armour
 j - the +0 steam dragon scales of Somewhere Else (worn) {SInv Stlth+}
   (You found it on level 4 of the Dungeon)

   SInv:      It lets you see invisible.
   Stlth:     It makes you more stealthy.
Jewellery
 b - an amulet of the acrobat (around neck)
 g - a +6 ring of dexterity (left hand)
Scrolls
 d - 2 scrolls of identify
Potions
 f - a potion of haste
 h - a potion of might
 k - a potion of mutation
 m - a potion of curing {unknown}

Dungeon Overview and Level Annotations

Branches:
Dungeon (5/15)
 Temple: D:4-7

Altars:
Sif Muna

Annotations:
D:3 2 runed translucent doors, qw's ghost, amateur GrHs


Message History

The gnoll barely misses you. x2
You shoot a sling bullet.
The sling bullet closely misses the gnoll.
The gnoll is no longer moving quickly.
The gnoll hits you with a +0 whip. The gnoll misses you.
The gnoll barely misses you. The gnoll hits you but does no damage.
You shoot a sling bullet. The sling bullet hits the gnoll.
The gnoll is heavily wounded.
The gnoll barely misses you. The gnoll hits you but does no damage.
The gnoll closely misses you. The gnoll hits you but does no damage.
You shoot a sling bullet.
The sling bullet barely misses the gnoll.
The gnoll hits you with a +0 whip. The gnoll closely misses you.
The gnoll misses you.
The gnoll hits you from afar with a +0 spear.
You shoot a sling bullet. The sling bullet hits the gnoll.
The gnoll is severely wounded.
The gnoll is no longer moving quickly.
The gnoll barely misses you. The gnoll hits you but does no damage.
The gnoll closely misses you.
The gnoll hits you from afar with a +0 spear.
You shoot a sling bullet. The sling bullet hits the gnoll.
You kill the gnoll!
The gnoll hits you from afar with a +0 spear.
The gnoll hits you with a +0 flail. The gnoll barely misses you.
Your Fighting skill increases to level 5!
You shoot a sling bullet. The sling bullet hits the gnoll.
The gnoll is moderately wounded.
The gnoll completely misses you. The gnoll barely misses you.
The gnoll hits you from afar with a +0 spear.
You shoot a sling bullet. The sling bullet hits the gnoll.
The gnoll is heavily wounded.
The gnoll hits you but does no damage. The gnoll closely misses you. x2
You shoot a sling bullet.
The sling bullet barely misses the gnoll.
The gnoll closely misses you. The gnoll hits you but does no damage.
The gnoll hits you from afar with a +0 spear.
You shoot a sling bullet. The sling bullet hits the gnoll!
You kill the gnoll!
The gnoll hits you from afar with a +0 spear.
You die...

#.# # #.# # ####
######### #.# # .....
#.......# #.# # .....
#.......# #.# #
......#.......# #.# #
......#.......# #.# #
#.....))......# #.# #
#...g%@......####.#####
#....g))......##........
#.........######.#.#####
#..............#.#).).#
###............#.#[##.##
#............[..[#....
######.^...>##.#)#..##
######.##.#.#..#
#.##.#)#..##


You could see 2 gnolls.

Vanquished Creatures
  Sigmund (D:3)
  A phantom (D:4)
  Blork the orc (D:4)
  2 scorpions
  2 gnoll boudas (D:5)
  2 orc priests
  3 hounds
  2 jellies (D:5)
  2 iguanas
  An orc wizard (D:5)
  6 gnolls
  6 adders
  3 worms
  2 dart slugs
  17 orcs
  9 endoplasms
  7 giant cockroaches
  6 hobgoblins
  3 jackals
  10 kobolds
  3 quokkas
  9 ball pythons
  6 bats
  3 frilled lizards
  7 goblins
  7 rats
121 creatures vanquished.

Notes
Turn   | Place    | Note
-------+----------+-------------------------------------------
     0 | D:1      | qw the Gargoyle Hexslinger began the quest for the Orb.
     0 | D:1      | Reached XP level 1. HP: 12/12 MP: 2/2
     0 | D:1      | 0 ||| qw: Version: 0.3-a-46-gb1f654a
     0 | D:1      | 0 ||| qw: Game counter: 2724
     0 | D:1      | 0 ||| qw: Melee chars always use a shield: true
     0 | D:1      | 0 ||| qw: God list: Okawaru
     0 | D:1      | 0 ||| qw: Allow faded altars: false
     0 | D:1      | 0 ||| qw: Do Orc after clearing Dungeon:15 true
     0 | D:1      | 0 ||| qw: Do second Lair branch before Depths: true
     0 | D:1      | 0 ||| qw: Lair rune preference: random
     0 | D:1      | 0 ||| qw: Goals: Normal
     0 | D:1      | 0 ||| PLANNING D:1-11
    51 | D:1      | HP: 1/12 [quokka (3)]
   104 | D:1      | Reached XP level 2. HP: 16/16 MP: 3/3
   167 | D:1      | Reached skill level 3 in Ranged Weapons
   336 | D:1      | Reached XP level 3. HP: 21/21 MP: 4/4
   528 | D:1      | 528 ||| UPGRADING to +6 ring of dexterity.
   529 | D:1      | 529 ||| READING scroll labelled HEHEJUSIMA.
   530 | D:1      | 530 ||| READING 2 scrolls labelled POTSUR NUJYT.
   531 | D:1      | 531 ||| READING scroll of enchant weapon.
   531 | D:1      | 531 ||| ENCHANTING +2 sling.
   532 | D:1      | 532 ||| READING scroll labelled GOEXAE WUTIMAU.
   535 | D:1      | 535 ||| READING scroll labelled SEXOAPSACE.
   536 | D:1      | 536 ||| READING scroll labelled ATEPSAZ DYSED.
   537 | D:1      | 537 ||| DRINKING 2 black potions.
   538 | D:1      | 538 ||| DROPPING scroll of poison.
   539 | D:1      | 539 ||| DROPPING potion of degeneration.
  1086 | D:2      | Reached XP level 4. HP: 26/26 MP: 5/5
  1327 | D:2      | 1327 ||| UPGRADING to +0 ring mail.
  1337 | D:2      | 1337 ||| DROPPING +0 robe.
  1338 | D:2      | 1338 ||| READING 3 scrolls of identify.
  1338 | D:2      | 1338 ||| IDENTIFYING fizzy blue potion
  1339 | D:2      | 1339 ||| READING 2 scrolls of identify.
  1339 | D:2      | 1339 ||| IDENTIFYING silvery potion
  1340 | D:2      | 1340 ||| DROPPING potion of lignification.
  1409 | D:3      | Noticed Sigmund
  1416 | D:3      | Killed Sigmund
  1417 | D:3      | Reached skill level 5 in Ranged Weapons
  1417 | D:3      | Reached XP level 5. HP: 30/30 MP: 6/6
  1433 | D:3      | Found a runed translucent door.
  1439 | D:3      | Noticed qw's ghost (amateur GrHs)
  1614 | D:3      | Reached skill level 1 in Armour
  1614 | D:3      | Reached XP level 6. HP: 35/35 MP: 7/7
  1621 | D:3      | Found a runed translucent door.
  1737 | D:3      | 1737 ||| STAIRDANCE
  1751 | D:2      | 1751 ||| UPGRADING to amulet of the acrobat.
  1756 | D:2      | 1756 ||| READING scroll labelled HIOSULLUREM.
  1857 | D:2      | 1857 ||| DRINKING 2 metallic pink potions.
  1858 | D:2      | 1858 ||| DRINKING 2 fizzy ruby potions.
  1962 | D:2      | 1962 ||| DROPPING potion of brilliance.
  1963 | D:2      | 1963 ||| DROPPING potion of berserk rage.
  1969 | D:3      | 1969 ||| STAIRDANCE
  2027 | D:3      | 2027 ||| STAIRDANCE
  2097 | D:3      | Reached skill level 3 in Fighting
  2240 | D:3      | 2240 ||| READING scroll labelled SOQYTIMOFOS.
  2241 | D:3      | 2241 ||| READING 2 scrolls of identify.
  2241 | D:3      | 2241 ||| IDENTIFYING sapphire potion
  2298 | D:4      | Reached skill level 6 in Ranged Weapons
  2432 | D:4      | 2432 ||| Stepping ~*~*~tactically~*~*~ (outnumbered).
  2441 | D:4      | Identified the +0 steam dragon scales of Somewhere Else
                  | {SInv Stlth+}
  2465 | D:4      | Reached XP level 7. HP: 43/43 MP: 8/8
  2640 | D:4      | Found a shimmering blue altar of Sif Muna.
  2749 | D:4      | Noticed Blork the orc
  2758 | D:4      | Killed Blork the orc
  2759 | D:4      | Reached skill level 7 in Ranged Weapons
  3027 | D:4      | 3027 ||| UPGRADING to +0 steam dragon scales of Somewhere
                  | Else {SInv Stlth+}.
  3037 | D:4      | 3037 ||| DROPPING +0 ring mail.
  3046 | D:4      | 3046 ||| READING scroll labelled ITODATHRU LOLY.
  3047 | D:4      | 3047 ||| READING scroll labelled XAZIETENAUN.
  3048 | D:4      | 3048 ||| READING scroll labelled OMNEDOYQO.
  3051 | D:4      | 3051 ||| READING 2 scrolls of identify.
  3051 | D:4      | 3051 ||| IDENTIFYING fizzy golden potion
  3067 | D:5      | Entered Level 5 of the Dungeon
  3175 | D:5      | HP: 9/43 [gnoll bouda/+0 whip (2)]
  3176 | D:5      | 3176 ||| READING scroll of teleportation.
  3181 | D:5      | 3181 ||| FLEEEEING.
  3182 | D:5      | 3182 ||| FLEEEEING.
  3183 | D:5      | 3183 ||| FLEEEEING.
  3184 | D:5      | 3184 ||| FLEEEEING.
  3185 | D:5      | 3185 ||| FLEEEEING.
  3186 | D:5      | 3186 ||| FLEEEEING.
  3187 | D:5      | 3187 ||| FLEEEEING.
  3192 | D:5      | 3192 ||| FLEEEEING.
  3193 | D:5      | 3193 ||| FLEEEEING.
  3194 | D:5      | 3194 ||| FLEEEEING.
  3195 | D:5      | 3195 ||| FLEEEEING.
  3196 | D:5      | 3196 ||| FLEEEEING.
  3197 | D:5      | 3197 ||| FLEEEEING.
  3202 | D:5      | 3202 ||| FLEEEEING.
  3203 | D:5      | 3203 ||| STAIRDANCE
  3370 | D:5      | 3370 ||| FLEEEEING.
  3371 | D:5      | 3371 ||| FLEEEEING.
  3372 | D:5      | 3372 ||| FLEEEEING.
  3382 | D:5      | 3382 ||| STAIRDANCE
  3474 | D:5      | Reached skill level 8 in Ranged Weapons
  3474 | D:5      | Reached XP level 8. HP: 38/48 MP: 9/9
  3611 | D:5      | HP: 10/48 [gnoll/+0 spear[a gnoll bouda] (5)]
  3615 | D:5      | HP: 2/49 [gnoll/+0 spear[a gnoll bouda] (4)]
  3616 | D:5      | Slain by a gnoll

Levels and vault maps discovered:
D:1:      dpeg_arrival_rooms_with_view, layout_rooms
D:2:      layout_basic, grunt_decor_mini_mirrors, hangedman_decor_riveting,
          corexii_hall_statues_u
D:3:      minmay_chambers_of_twos, layout_rooms, ebering_ghost_sewer_f,
          uniq_sigmund
D:4:      layout_cave_pools, old_standard_altar, grunt_ministairs_6,
          kennysheep_opposing_triangles, uniq_blork_the_orc
D:5:      layout_basic

Skill      XL: |  1  2  3  4  5  6  7  8 |
---------------+-------------------------+-----
Ranged Weapons | 3 5 6 8 |  8.0
Fighting       | 2 4 5 |  5.0
Armour         | 1 |  1.0
Dodging        | 2 |  2.1
Spellcasting   | |  1.0
Hexes          | |  2.6

Action                     |  1- 3 |  4- 6 |  7- 9 || total
---------------------------+-------+-------+-------++-------
   Fire: Sling             |   115 |   123 |   183 ||   421
    Use: Scroll            |     6 |     5 |     5 ||    16
         Potion            |     1 |     2 |       ||     3
 Armour: Robe              |    12 |       |       ||    12
         Ring mail         |       |    23 |    21 ||    44
         Steam dragon scal |       |       |    34 ||    34
  Dodge: Dodged            |    56 |    22 |   121 ||   199

Table legend:
 A = Non-vault XP
 B = Vault XP
 C = Vault XP percentage of total XP
 D = Non-vault monster count
 E = Vault monster count
 F = Vault count percentage of total count
                 A         B        C        D         E       F
            +---------+---------+-------+---------+---------+-------
      Total |     997 |     428 |  30.0 |      99 |      22 |  18.2
            +---------+---------+-------+---------+---------+-------
        D:1 |      40 |       3 |   7.0 |      23 |       2 |   8.0
        D:2 |      86 |       0 |   0.0 |      18 |       0 |   0.0
        D:3 |      56 |     238 |  81.0 |      17 |       9 |  34.6
        D:4 |     296 |     187 |  38.7 |      19 |      11 |  36.7
        D:5 |     519 |       0 |   0.0 |      22 |       0 |   0.0
            +---------+---------+-------+---------+---------+-------
